 Dungeon Crawl Stone Soup version 0.25-a0-164-gb55e97dba5 (webtiles) character file.

Game seed: 9896259571693494249, levelgen mode: deterministic

49144 Polaris the Severer (level 14, -4/129 HPs)
             Began as a Hill Orc Berserker on Nov 23, 2019.
             Was a High Priest of Trog.
             Slain by an orc warrior
             ... wielding a +0 long sword
              (16 damage)
             ... on level 2 of the Orcish Mines.
             The game lasted 00:59:49 (17456 turns).

Polaris the Severer (Hill Orc Berserker)           Turns: 17456, Time: 00:59:50

Health: -4/129     AC: 23    Str: 25    XL:     14   Next: 49%
Magic:  16/16      EV:  8    Int:  5    God:    Trog [*****.]
Gold:   1106       SH: 11    Dex: 10    Spells: 13/13 levels left

rFire    . . .     SeeInvis .   f - +4 war axe
rCold    . . .     Gourm    .   G - +0 shield
rNeg     + . .     Faith    .   T - +3 scale mail of Generosity {MR++ Regen+ Int-2}
rPois    .         Spirit   .   U - +1 hat
rElec    .         Reflect  +   r - +1 cloak
rCorr    .         Harm     .   B - +2 pair of gloves
MR       +++++                  v - +0 pair of boots
Stlth    ..........             W - +2 amulet of reflection
HPRegen  1.71/turn              K - +3 ring of protection
MPRegen  0.15/turn              o - ring of positive energy

@: regenerating
A: no striking features
a: Berserk, Trog's Hand, Brothers in Arms, Renounce Religion


You were on level 2 of the Orcish Mines.
You worshipped Trog.
Trog was extremely pleased with you.
You were near starving.

You visited 2 branches of the dungeon, and saw 15 of its levels.
You also visited: Sewer, Bailey and Ice Cave.

You collected 1218 gold pieces.
You spent 112 gold pieces at shops.

Inventory:

Hand Weapons
 f - a +4 war axe (weapon)
 z - a +0 broad axe
 I - a +0 vampiric trident
 O - a +2 whip of flaming
Missiles
 a - 8 javelins
 i - 61 poisoned darts (quivered)
 t - 12 curare-tipped darts
 y - 13 boomerangs
 C - 7 atropa-tipped darts
 S - 7 silver javelins
Armour
 r - a +1 cloak (worn)
 v - a +0 pair of boots (worn)
 A - a +0 ring mail of fire resistance
 B - a +2 pair of gloves (worn)
 G - a +0 shield (worn)
 H - a +1 scale mail of positive energy
 N - a +2 robe of cold resistance
 T - the +3 scale mail of Generosity (worn) {MR++ Regen+ Int-2}
   (You acquired it in a bailey)

   It affects your intelligence (-2).
   It affects your resistance to hostile enchantments.
   It increases your rate of regeneration.
 U - a +1 hat (worn)
Jewellery
 g - a +3 ring of evasion
 o - a ring of positive energy (right hand)
 F - an uncursed ring of fire
 K - a +3 ring of protection (left hand)
 L - an uncursed amulet of the acrobat
 W - a +2 amulet of reflection (around neck)
Wands
 u - a wand of polymorph (31)
 x - a wand of scattershot (4)
 J - a wand of flame (46)
 V - a wand of digging (7)
Scrolls
 d - 8 scrolls of remove curse
 h - 9 scrolls of teleportation
 n - 3 scrolls of fog
 p - 4 scrolls of enchant armour
 s - 4 scrolls of immolation
 w - 2 scrolls of enchant weapon
 M - 3 scrolls of blinking
 P - a scroll of magic mapping
 Q - a scroll of identify
Potions
 b - a potion of cancellation
 e - 3 potions of brilliance
 j - 2 potions of magic
 k - 5 potions of curing
 l - 2 potions of heal wounds
 m - 2 potions of flight
 q - 3 potions of lignification
 D - 3 potions of invisibility
 E - 4 potions of might
 R - a potion of agility
 X - 2 potions of resistance
Miscellaneous
 Y - a box of beasts
Comestibles
 c - 16 rations


   Skills:
 + Level 13.1 Fighting
 - Level 17.9(18.0) Axes
 + Level 1.7(10.5) Maces & Flails
 + Level 9.6 Throwing
 + Level 11.6 Armour
 - Level 1.6 Dodging
 * Level 3.5 Shields
 + Level 2.7 Evocations


You had 13 spell levels left.
You didn't know any spells.
Your spell library was empty.

Dungeon Overview and Level Annotations

Branches:
Dungeon (13/15)            Temple (0/1) D:7            Lair (0/6) D:10
    Orc (2/2) D:12            Elf (0/3) Orc:2         Sewer (visited)
 Bailey (visited)           IceCv (visited)
 Vaults: D:13-14

Altars:
Ashenzari
Cheibriados
Elyvilon
Fedhas
Makhleb
Nemelex Xobeh
Ru
Sif Muna
Trog
Uskayaw
Vehumet
Xom
Yredelemnul
Zin

Shops:
D:8 =%   Orc:1 *   Orc:2 =

Annotations:
D:12 exclusion: 2 downstairs


Message History

The orc dies!
The orc warrior hits you from afar with a +0 glaive!
You barely miss the centaur.
The centaur is severely wounded.
The centaur closely misses you.
Your troll rages.
The orc knight unwields a +0 great mace.
The orc knight wields a +0 arbalest.
The orc knight shoots a bolt.
The bolt hits you!!
* * * LOW HITPOINT WARNING * * *
You are near starving!
You slash the centaur!
You kill the centaur!
Trog accepts your kill.
You slash the orc warrior!
Your troll bites the orc knight!
Your troll claws the orc knight! x2
The orc warrior hits you from afar with a +0 glaive!
* * * LOW HITPOINT WARNING * * *
The orc warrior hits you with a +0 long sword!
You die...

......∩....([(....###
.....#.#..(<([....#.##
..........(((....#...###
........((.........).#.##
...................)((..#
...................(.#.(#
....#..>.........)(.##...#
.....#..........#())....##
.............)T)@)..##.##
.............ooo)..##...#
.........#...oOo..####.#
.............oo#...#.###
............o..#.......##
................#.......#
.................#))....#
..##..##..##...(.........#
≈......... ##((..#(..(...#


You could see an orc knight, 7 orc warriors, an ogre and a friendly troll
(berserk).

Vanquished Creatures
  An orc warlord (Bailey)
  An ironheart preserver (D:13)
  Josephine (Orc:2)
  A centaur warrior (D:13)
  2 two-headed ogres
  4 skeletal warriors (D:13)
  Pikel (D:7)
  An orc knight (Bailey)
  A necromancer (IceCv)
  3 cyclopes
  An orc sorcerer (Orc:1)
  A manticore (D:13)
  Psyche (D:9)
  3 ice statues (IceCv)
  A gargoyle (D:12)
  2 centaur skeletons
  10 ice devils
  8 trolls
  3 meliai
  2 hornets
  Grinder (D:6)
  A slime creature (D:13)
  A hippogriff (D:9)
  A spriggan (D:7)
  A wyvern (D:13)
  6 wraiths
  7 yaks
  A hungry ghost (D:10)
  4 vampire mosquitoes (D:12)
  Menkaure (D:5)
  A soldier ant (D:13)
  A warg (Orc:1)
  Purgy (Sewer)
  A water moccasin (D:10)
  31 orc warriors
  4 porcupines (D:10)
  A black bear (D:10)
  2 slaves (D:7)
  An ice beast (D:13)
  3 eyes of draining (D:4)
  A phantom (D:4)
  13 ogres
  8 centaurs
  2 crocodiles (D:10)
  4 big kobolds
  Blork the orc (D:4)
  8 bullfrogs
  7 gnoll sergeants (D:12)
  A troll zombie (D:11)
  5 scorpions
  11 killer bees
  6 howler monkeys
  6 wights
  2 crimson imps
  2 centaur zombies
  2 draconian simulacra (IceCv)
  4 human zombies (D:11)
  A jelly (D:7)
  A bullfrog zombie (D:5)
  3 hounds
  7 orc priests
  Natasha (twice) (D:2)
  Terence (D:2)
  3 iguanas
  11 orc wizards
  5 troll simulacra (IceCv)
  A human skeleton (D:11)
  8 worker ants
  A centaur simulacrum (IceCv)
  A hound zombie (D:5)
  A hound skeleton (D:6)
  A mummy (D:11)
  17 gnolls
  11 adders
  An ogre simulacrum (IceCv)
  A naga simulacrum (IceCv)
  6 shadow imps
  An adder skeleton (D:5)
  2 adder zombies
  4 worms
  4 dart slugs (D:2)
  9 leopard geckos
  64 orcs
  12 bats
  4 giant cockroaches
  30 goblins
  21 hobgoblins
  10 jackals
  24 kobolds
  4 quokkas
  3 ball pythons
  3 frilled lizards
  An orc zombie (D:11)
  10 rats
  6 plants (D:10)
496 creatures vanquished.

Vanquished Creatures (collateral kills)
  2 orc warriors (Orc:2)
  An orc (Orc:2)
3 creatures vanquished.

Vanquished Creatures (others)
  An orc warrior (Orc:2)
  2 orcs (Orc:2)
  41 fungi (D:10)
  18 plants (D:10)
62 creatures vanquished.

Grand Total: 561 creatures vanquished

Notes
Turn   | Place    | Note
-------+----------+-------------------------------------------
     0 | D:1      | Polaris the Hill Orc Berserker began the quest for the Orb.
     0 | D:1      | Reached XP level 1. HP: 19/19 MP: 1/1
   121 | D:1      | Reached XP level 2. HP: 26/27 MP: 2/2
   417 | D:1      | Reached ** piety under Trog
   422 | D:1      | Reached XP level 3. HP: 26/33 MP: 3/3
   974 | D:2      | Reached skill level 5 in Axes
  1079 | D:2      | Reached XP level 4. HP: 29/41 MP: 4/4
  1221 | D:2      | Noticed Natasha
  1238 | D:2      | Killed Natasha
  1419 | D:2      | Noticed Terence
  1431 | D:2      | Killed Terence
  1431 | D:2      | Reached XP level 5. HP: 47/47 MP: 5/5
  1671 | D:2      | Reached skill level 6 in Axes
  1805 | D:2      | Noticed Natasha
  1814 | D:2      | Killed Natasha
  2343 | D:3      | Found a shattered altar of Ashenzari.
  2444 | D:3      | Found a hide-covered altar of Uskayaw.
  2678 | D:3      | Found a shimmering altar of Xom.
  2683 | D:3      | Reached XP level 6. HP: 55/55 MP: 6/6
  2784 | D:3      | Reached *** piety under Trog
  2787 | D:3      | Reached skill level 7 in Axes
  2870 | D:3      | Found a snail-covered altar of Cheibriados.
  3191 | D:3      | Found a white marble altar of Elyvilon.
  3343 | D:4      | Found a glowing drain.
  3428 | Sewer    | Entered a sewer
  3565 | Sewer    | Noticed Purgy
  3585 | Sewer    | Killed Purgy
  3585 | Sewer    | Reached skill level 5 in Fighting
  3773 | D:4      | Noticed a phantom
  3826 | D:4      | Killed a phantom
  3826 | D:4      | Reached skill level 8 in Axes
  3826 | D:4      | Reached XP level 7. HP: 61/61 MP: 7/7
  3934 | D:4      | Found a shimmering blue altar of Sif Muna.
  4127 | D:4      | Found a bloodstained altar of Trog.
  4143 | D:4      | Reached skill level 1 in Throwing
  4143 | D:4      | Reached skill level 9 in Axes
  4275 | D:4      | Noticed Blork the orc
  4332 | D:4      | Killed Blork the orc
  4332 | D:4      | Reached XP level 8. HP: 64/70 MP: 2/8
  4365 | D:4      | Reached **** piety under Trog
  4949 | D:4      | Reached skill level 5 in Armour
  5067 | D:4      | Found a sacrificial altar of Ru.
  5185 | D:5      | Entered Level 5 of the Dungeon
  5216 | D:5      | Noticed Menkaure
  5230 | D:5      | Killed Menkaure
  5322 | D:5      | Reached skill level 10 in Axes
  6122 | D:6      | Received a gift from Trog
  6239 | D:6      | Found a blossoming altar of Fedhas.
  6330 | D:6      | Noticed Grinder
  6415 | D:6      | Killed Grinder
  6764 | D:7      | Noticed Pikel
  6783 | D:7      | Killed Pikel
  6783 | D:7      | Reached skill level 11 in Axes
  6783 | D:7      | Reached XP level 9. HP: 68/79 MP: 9/9
  6930 | D:7      | Found a radiant altar of Vehumet.
  7272 | D:7      | Found a sparkling altar of Nemelex Xobeh.
  7275 | D:7      | Found a shimmering blue altar of Sif Muna.
  7344 | D:7      | Found a burning altar of Makhleb.
  7403 | D:7      | Found a staircase to the Ecumenical Temple.
  7884 | D:8      | Reached skill level 12 in Axes
  7943 | D:8      | Found Kyderghie's Food Boutique.
  7961 | D:8      | Found Qaugeo's Jewellery Emporium.
  8066 | D:8      | Found a glowing silver altar of Zin.
  8254 | D:9      | Noticed Psyche
  8265 | D:9      | Killed Psyche
  8451 | D:9      | Noticed a troll
  8461 | D:9      | Killed a troll
  8461 | D:9      | Reached XP level 10. HP: 48/88 MP: 10/10
  8898 | D:9      | Reached skill level 13 in Axes
  8908 | D:9      | Reached ***** piety under Trog
  9544 | D:10     | Entered Level 10 of the Dungeon
  9585 | D:10     | Reached skill level 5 in Throwing
  9598 | D:10     | Noticed a two-headed ogre
  9610 | D:10     | Killed a two-headed ogre
 10230 | D:10     | Reached XP level 11. HP: 95/95 MP: 11/11
 10351 | D:10     | Found a staircase to the Lair.
 10432 | D:10     | Reached skill level 14 in Axes
 11745 | D:11     | Found a basalt altar of Yredelemnul.
 11843 | D:11     | Noticed a cyclops
 12003 | D:11     | Killed a cyclops
 12383 | D:12     | Found a frozen archway.
 12502 | IceCv    | Entered an ice cave
 12539 | IceCv    | Reached skill level 15 in Axes
 12993 | IceCv    | Received a gift from Trog
 13126 | IceCv    | Reached skill level 10 in Fighting
 13365 | IceCv    | Reached XP level 12. HP: 106/106 MP: 12/12
 13905 | IceCv    | Got a scorched ring mail
 13923 | IceCv    | Identified the +2 ring mail of Loenket {*Corrode rF+ rC++
                  | Int+3} (You found it in an ice cave)
 14004 | D:12     | Noticed a two-headed ogre
 14017 | D:12     | Killed a two-headed ogre
 14051 | D:12     | Received a gift from Trog
 14202 | D:12     | Found a staircase to the Orcish Mines.
 14221 | D:12     | Reached skill level 10 in Armour
 14276 | D:12     | Reached skill level 16 in Axes
 15075 | D:13     | Noticed a centaur warrior
 15081 | D:13     | Noticed an eight-headed hydra
 15081 | D:13     | Noticed a death knight
 15086 | D:13     | Killed a centaur warrior
 15086 | D:13     | Noticed an ironheart preserver
 15098 | D:13     | HP: 4/108 [manticore (9)]
 15199 | D:13     | Reached skill level 1 in Maces & Flails
 15293 | D:13     | Killed an ironheart preserver
 15293 | D:13     | Reached skill level 1 in Evocations
 15306 | D:13     | Found a flagged portal.
 15311 | Bailey   | Entered a bailey
 15478 | Bailey   | Reached XP level 13. HP: 116/116 MP: 13/13
 15482 | Bailey   | Received a gift from Trog
 15702 | Bailey   | Reached skill level 17 in Axes
 15968 | Bailey   | Noticed an orc warlord
 15985 | Bailey   | Killed an orc warlord
 16244 | Bailey   | Identified a scroll of acquirement
 16247 | Bailey   | Got a faintly humming scale mail
 16258 | Bailey   | Identified the +3 scale mail of Generosity {MR++ Regen+
                  | Int-2} (You acquired it in a bailey)
 16265 | Bailey   | Reached XP level 14. HP: 126/126 MP: 13/16
 16549 | Orc:1    | Entered Level 1 of the Orcish Mines
 16637 | Orc:1    | Found Ishamm's General Store.
 16649 | Orc:1    | Bought 2 potions of might for 112 gold pieces
 16686 | Orc:1    | Received a gift from Trog
 16686 | Orc:1    | Reached skill level 1 in Shields
 16890 | Orc:2    | Entered Level 2 of the Orcish Mines
 16890 | Orc:2    | Found Piveiti's Jewellery Shoppe.
 16890 | Orc:2    | Found a staircase to the Elven Halls.
 16890 | Orc:2    | Noticed Josephine
 17057 | Orc:2    | Killed Josephine
 17306 | Orc:2    | Received a gift from Trog
 17456 | Orc:2    | Slain by an orc warrior

Levels and vault maps discovered:
D:1:      scummos_arrival_simple_crosswalls, layout_loops_ring
D:2:      kennysheep_big_flooded_room, layout_basic, hex_intersection,
          chequers_serial_rivers_micro_d, minmay_misc_feat_columns,
          minmay_increasing_density, uniq_natasha, uniq_terence
D:3:      layout_basic, nicolae_overflow_hidden_temple, old_standard_altar,
          overflow_temple_1_default, old_standard_altar,
          nicolae_overflow_crystal_walls, minmay_diced_spiral
D:4:      layout_basic, trog_eyes_of_draining, nicolae_ru_path_of_blood,
          cheibrodos_sewer_entry_sluice, lemuel_blue_sif_altar,
          uniq_blork_the_orc
D:5:      layout_basic, first_ration, uniq_menkaure
D:6:      layout_basic, kennysheep_little_box, feat_on_display, uniq_grinder
D:7:      layout_basic, kennysheep_mini_moat, lemuel_doored_altar,
          grunt_temple_overflow_open, minmay_temple_entry_enclosed_plants,
          the_bakery, uniq_pikel
D:8:      layout_cave_pools, lemuel_round_altar, serial_shops,
          nicolae_shop_stone, shop, minmay_misc_feat_square
D:9:      layout_cave_pods, kennysheep_generic_room_15, uniq_psyche
D:10:     layout_basic, due_lair_maze_entry_diamond
D:11:     layout_irregular_city, lemuel_mausoleum_altar_yredelemnul
D:12:     layout_stronghold, kennysheep_orc_monster_closet_entryway,
          portal_ice_cave_demonic_guard
D:13:     layout_gridville, skrybe_vaults_entry_preservation, serial_shops,
          shop, enter_bailey_3
Orc:1:    nicolae_orc_accident_1, layout_diamond_mine, serial_shops, shop
Orc:2:    st_orc_rangers, layout_caves, serial_shops, nicolae_shop_crystal,
          uniq_josephine

Skill      XL: |  1  2  3  4  5  6  7  8  9 10 11 12 13 14 |
---------------+-------------------------------------------+-----
Fighting       | 4 5 6 7 8 10 11 12 13 | 13.1
Axes           | 5 6 8 9 11 12 13 15 16 17 | 17.9
Armour         | 3 4 6 7 8 9 10 11 | 11.6
Throwing       | 1 2 3 6 8 9 |  9.6
Maces & Flails | 1 |  1.7
Evocations     | 1 2 |  2.7
Shields        | 3 |  3.5
Dodging        | |  1.6

Action                   |  1- 3 |  4- 6 |  7- 9 | 10-12 | 13-15 || total
-------------------------+-------+-------+-------+-------+-------++-------
Melee: Hand axe          |   115 |   256 |   221 |       |       ||   592
       War axe           |       |       |   135 |   683 |   324 ||  1142
       Whip              |       |       |       |     5 |       ||     5
Throw: Dart              |       |     7 |    49 |   161 |    53 ||   270
       Boomerang         |       |       |       |    50 |       ||    50
       Javelin           |       |       |       |     9 |       ||     9
Invok: Berserk           |       |     4 |     5 |     4 |     3 ||    16
       Trog's Hand       |       |     1 |     4 |    10 |     4 ||    19
       Brothers in Arms  |       |       |       |       |     1 ||     1
Evoke: Wand              |       |       |       |     7 |     1 ||     8
  Use: Scroll            |       |       |    11 |    16 |     4 ||    31
       Potion            |       |       |       |     3 |     1 ||     4
 Stab: Invisible         |       |       |     2 |       |       ||     2
  Eat: Chunk             |     1 |    13 |    17 |    17 |     7 ||    55
       Ration            |       |       |     1 |     4 |     1 ||     6
Armor: Animal skin       |     3 |       |       |       |       ||     3
       Ring mail         |    14 |       |       |       |       ||    14
       Scale mail        |    18 |   108 |   115 |    10 |   100 ||   351
       Plate armour      |       |       |       |   350 |    40 ||   390
Dodge: Dodged            |    75 |   162 |   189 |   324 |   125 ||   875
Block: Shield            |       |       |       |       |    97 ||    97
       Reflection        |       |       |       |       |    14 ||    14

Table legend:
 A = Non-vault XP
 B = Vault XP
 C = Vault XP percentage of total XP
 D = Non-vault monster count
 E = Vault monster count
 F = Vault count percentage of total count
                 A         B        C        D         E       F
            +---------+---------+-------+---------+---------+-------
      Total |   22866 |   23232 |  50.4 |     291 |     202 |  41.0
            +---------+---------+-------+---------+---------+-------
        D:1 |      38 |       0 |   0.0 |      23 |       0 |   0.0
        D:2 |      98 |     106 |  52.0 |      20 |      12 |  37.5
        D:3 |     108 |       6 |   5.3 |      20 |       3 |  13.0
        D:4 |     248 |     493 |  66.5 |      18 |      10 |  35.7
        D:5 |     353 |     172 |  32.8 |      17 |       1 |   5.6
        D:6 |     219 |     262 |  54.5 |      10 |       1 |   9.1
        D:7 |     563 |     897 |  61.4 |      26 |       2 |   7.1
        D:8 |     367 |       0 |   0.0 |      11 |       0 |   0.0
        D:9 |    1895 |     530 |  21.9 |      22 |       2 |   8.3
       D:10 |    3632 |    1485 |  29.0 |      29 |      10 |  25.6
       D:11 |    1268 |     826 |  39.4 |       8 |      12 |  60.0
       D:12 |    4606 |    2374 |  34.0 |      25 |      22 |  46.8
       D:13 |    6329 |    2932 |  31.7 |      22 |       8 |  26.7
      Orc:1 |    2528 |     624 |  19.8 |      27 |       3 |  10.0
      Orc:2 |     614 |    2840 |  82.2 |      13 |      19 |  59.4
      Sewer |       0 |     149 | 100.0 |       0 |       6 | 100.0
     Bailey |       0 |    4573 | 100.0 |       0 |      69 | 100.0
      IceCv |       0 |    4963 | 100.0 |       0 |      22 | 100.0
            +---------+---------+-------+---------+---------+-------
